 Dungeon Crawl Stone Soup version 0.30-a0-1082-g70414cbcbb (webtiles) character file.

Game seed: 9254039546167243620

12149 Arzdou the Unseen (level 11, -13/50 HPs)
             Began as a Spriggan Enchanter on Apr 15, 2023.
             Was an Elder of Dithmenos.
             Killed from afar by a gargoyle (27 damage)
             ... with a stone arrow
             ... on level 11 of the Dungeon.
             The game lasted 00:37:20 (12390 turns).

Arzdou the Unseen (Spriggan Enchanter)             Turns: 12390, Time: 00:37:21

Health: -13/50     AC:  9    Str:  6    XL:     11   Next: 58%
Magic:  20/25      EV: 16    Int: 33    God:    Dithmenos [****..]
Gold:   721        SH:  0    Dex: 22    Spells: 17/28 levels left

rFire   . . .      SeeInvis +    r - +7 dagger "Zoniv" {flame, Str+2 Int+6}
rCold   . . .      Faith    .    (no shield)
rNeg    . . .      Spirit   .    A - +0 swamp dragon scales
rPois   +          Reflect  .    C - +1 hat
rElec   .          Rampage  .    y - +0 cloak
rCorr   .                        (gloves unavailable)
Will    +....                    (boots unavailable)
Stlth   +++++++++                (no amulet)
HPRegen 0.28/turn                g - +6 ring of dexterity
MPRegen 0.19/turn                F - +6 ring of intelligence

@: confusing by touch, wreathed by umbra, very quick
A: very small, no large weapons, unfitting armour, see invisible, speed 3
a: Renounce Religion, Shadow Step


You were on level 11 of the Dungeon.
You worshipped Dithmenos.
Dithmenos was greatly pleased with you.
You visited 2 branches of the dungeon, and saw 12 of its levels.
You also visited: Bailey.

You collected 721 gold pieces.

Inventory:

Hand Weapons
 r - the +7 dagger "Zoniv" (weapon) {flame, Str+2 Int+6}
   (You found it on level 4 of the Dungeon)

   Str:       It affects your strength (+2).
   Int:       It affects your intelligence (+6).
Missiles
 w - 3 throwing nets
Armour
 s - a +1 robe of positive energy
 y - a +0 cloak (worn)
 A - +0 swamp dragon scales (worn)
 C - a +1 hat (worn)
Jewellery
 g - a +6 ring of dexterity (left hand)
 o - a +6 ring of dexterity
 E - an amulet of guardian spirit
 F - a +6 ring of intelligence (right hand)
 K - a +6 ring of intelligence
Wands
 v - a wand of roots (4)
 H - a wand of charming (5)
 L - a wand of mindburst (11)
Scrolls
 a - a scroll of vulnerability {unknown}
 e - a scroll of fog {unknown}
 h - 2 scrolls of fear {unknown}
 i - 2 scrolls of summoning
 k - a scroll of blinking {unknown}
 l - 4 scrolls of poison
 u - a scroll of amnesia {unknown}
 x - a scroll of teleportation {unknown}
 B - 4 scrolls of magic mapping
 D - a scroll of torment {unknown}
 G - a scroll of enchant weapon {unknown}
 I - 4 scrolls of enchant armour
Potions
 b - 4 potions of haste
 c - 2 potions of invisibility
 d - 3 potions of berserk rage
 f - 3 potions of heal wounds
 j - a potion of attraction
 m - 3 potions of lignification
 n - 2 potions of flight
 p - 5 potions of curing
 q - 2 potions of mutation
 t - 2 potions of ambrosia
 z - 2 potions of degeneration {unknown}
 J - a potion of magic {unknown}


   Skills:
 + Level 2.0 Fighting
 * Level 5.2 Short Blades
 + Level 2.5 Armour
 + Level 4.8 Dodging
 * Level 16.8 Stealth
 + Level 9.2 Spellcasting
 * Level 12.2 Hexes
 + Level 4.2 Ice Magic


You had 17 spell levels left.
You knew the following spells:

 Your Spells              Type           Power      Damage    Failure   Level
a - Ensorcelled Hibernat  Hex/Ice        100%       N/A       1%          2
b - Confusing Touch       Hex            77%        N/A       1%          3
c - Tukima's Dance        Hex            77%        N/A       1%          3
d - Dazzling Flash        Conj/Hex       100%       N/A       2%          3

Your spell library contained the following spells:

 Spells                   Type           Power      Damage    Failure   Level
 Freeze                   Ice            100%       1d10      1%          1
 Frozen Ramparts          Ice            86%        1d13      6%          3
 Hailstorm                Conj/Ice       29%        3d8       14%         3
 Stone Arrow              Conj/Erth      30%        3d8       34%         3
 Animate Armour           Summ/Erth      30%        N/A       75%         4
 Animate Dead             Necr           15%        N/A       75%         4
 Haunt                    Necr/Summ      7%         N/A       100%        7
 Infestation              Necr           7%         N/A       100%        8
 Lehudib's Crystal Spear  Conj/Erth      7%         10d3      100%        8


Dungeon Overview and Level Annotations

Branches:
Dungeon (11/15)            Temple (1/1) D:5            Lair (0/5) D:10
 Bailey (visited)
    Orc: D:9-12

Altars:
Ashenzari
Cheibriados
Dithmenos
Elyvilon
Fedhas
Gozag
Hepliaklqana
Kikubaaqudgha
Makhleb
Nemelex Xobeh
Okawaru
Qazlal
Ru
Sif Muna
Trog
Uskayaw
Vehumet
Wu Jian
Xom
Yredelemnul
Zin
The Shining One

Shops:
D:4 *   D:9 (*   D:10 *

Annotations:
D:3 2 transporters, Arzdou's ghost, amateur HOFi
D:10 2 transporters, dunno567's ghost, journeyman AtBr


Innate Abilities, Weirdness & Mutations

You are very small and have problems with some larger weapons.
You are too small for most types of armour.
You have supernaturally acute eyesight. (SInv)
You cover ground extremely quickly. (Speed+++)


Message History

You climb upwards.
Level annotation: 2 transporters, dunno567's ghost, journeyman AtBr
There is a stone staircase leading down here.
Magic restored.
HP restored.
Partly explored, unvisited transporter.
There is a stone staircase leading down here.
You climb downwards.
Found an escape hatch in the ceiling.
There is a stone staircase leading up here.
Casting: Ensorcelled Hibernation (safe; 1% risk of failure)
Confirm with . or Enter, or press ? or * to list all spells.
Aiming: Tukima's Dance (safe; 1% risk of failure)
Press: ? - help, Shift-Dir - straight line, f - gargoyle
Aim: a gargoyle, wielding a +0 mace (umbra, chance to affect: 67%)
The +0 mace dances into the air!
The gargoyle misses your +0 mace.
The gargoyle barely misses you.
You hit the gargoyle but do no damage.
Your shadow barely misses the gargoyle.
Your +0 mace hits the gargoyle.
You hit the gargoyle. You burn the gargoyle.
The gargoyle is moderately damaged.
The gargoyle hurls a stone arrow at you.
The stone arrow hits you!!
Your +0 mace hits the gargoyle!
Your +0 mace hits the gargoyle but does no damage.
Casting: Tukima's Dance (safe; 1% risk of failure)
Confirm with . or Enter, or press ? or * to list all spells.
Your hands begin to glow red.
The gargoyle hurls a stone arrow at you.
The stone arrow hits you!!
* * * LOW HITPOINT WARNING * * *
Your +0 mace hits the gargoyle but does no damage.
The gargoyle hits you but does no damage.
There is a stone staircase leading up here.
A tengu warrior comes into view. It is wielding a +1 heavy great sword.
Your +0 mace hits the gargoyle but does no damage.
The gargoyle hurls a stone arrow at you.
The stone arrow hits you!!
Ouch! That really hurt!
You die...

.........#
..........#
..........#
#........#
###........#
.Q........<#
...........#
Q.........@#
...........#
.........9.#
........<..#
.##......(.#
#........#
#...##...#
#### #...#
....#


You could see a gargoyle (ally target) and a friendly +0 mace.

Vanquished Creatures
  4 two-headed ogres
  Pikel (D:6)
  An ugly thing (D:11)
  A gargoyle (D:11)
  Maggie (D:6)
  A troll (D:8)
  Grinder (D:6)
  4 wyverns
  11 yaks (D:10)
  Sigmund (D:3)
  A vampire (D:9)
  A basilisk (D:10)
  2 vampire mosquitoes (D:10)
  5 water moccasins
  An ice beast (D:6)
  9 orc warriors (Bailey)
  An ogre (D:5)
  4 centaurs
  2 lemures (D:6)
  2 phantoms (D:5)
  3 kobold brigands
  4 bullfrogs
  A gnoll sergeant (D:7)
  4 wights (D:8)
  11 killer bees
  8 howler monkeys
  A jelly (D:8)
  2 orc priests (D:9)
  3 gnoll boudas
  2 hounds (D:5)
  2 iguanas
  An orc wizard (D:9)
  29 gnolls
  11 adders
  3 shadow imps
  2 dart slugs
  15 orcs
  A bat (D:2)
  An endoplasm (D:4)
  2 giant cockroaches
  8 goblins
  3 hobgoblins
  4 jackals (D:1)
  19 kobolds
  5 quokkas
  3 training dummies (D:9)
  4 ball pythons
  5 frilled lizards
  5 rats
216 creatures vanquished.

Vanquished Creatures (collateral kills)
  4 orc warriors (Bailey)
  7 centaurs (Bailey)
  An orc priest (D:9)
  An orc wizard (D:9)
  14 orcs
  2 kobolds (D:10)
29 creatures vanquished.

Vanquished Creatures (others)
  2 dancing weapons (D:11)
  An orc (Bailey)
  4 fungi
  15 plants
22 creatures vanquished.

Grand Total: 267 creatures vanquished

Notes
Turn   | Place    | Note
-------+----------+-------------------------------------------
     0 | D:1      | Arzdou the Spriggan Enchanter began the quest for the Orb.
     0 | D:1      | Reached XP level 1. HP: 9/9 MP: 5/5
   310 | D:1      | Reached XP level 2. HP: 13/13 MP: 6/6
   314 | D:1      | Reached skill level 5 in Stealth
   529 | D:1      | You fall into a shaft and drop 1 floor!
   799 | D:2      | Reached XP level 3. HP: 16/16 MP: 8/8
   802 | D:2      | Learned a level 2 spell: Ensorcelled Hibernation
   804 | D:2      | Reached skill level 6 in Stealth
   850 | D:2      | Learned a level 3 spell: Confusing Touch
  1030 | D:2      | Reached XP level 4. HP: 21/21 MP: 2/9
  1741 | D:3      | Noticed a necrophage
  1759 | D:3      | Found a transporter.
  1765 | D:3      | Reached skill level 7 in Stealth
  1808 | D:3      | Noticed Arzdou's ghost (amateur HOFi)
  1811 | D:3      | Found a transporter.
  1954 | D:3      | Noticed Sigmund
  1961 | D:3      | Killed Sigmund
  1962 | D:3      | Reached skill level 8 in Stealth
  1962 | D:3      | Reached XP level 5. HP: 24/24 MP: 7/11
  2216 | D:3      | Found an iron altar of Okawaru.
  2270 | D:3      | Found an ornate altar of the Wu Jian Council.
  2418 | D:4      | Identified the +7 dagger "Zoniv" {flame, Str+2 Int+6}
  2429 | D:4      | Reached XP level 6. HP: 28/28 MP: 12/12
  2500 | D:3      | Reached skill level 1 in Ice Magic
  2565 | D:4      | Found Zikush's General Store.
  2963 | D:5      | Entered Level 5 of the Dungeon
  2982 | D:5      | Reached skill level 5 in Hexes
  2997 | D:5      | Identified the +0 pair of gloves of the Gate {Str+4 Dex+5}
  3004 | D:5      | Reached skill level 9 in Stealth
  3260 | D:5      | Reached XP level 7. HP: 32/32 MP: 6/14
  3701 | D:5      | Found a staircase to the Ecumenical Temple.
  3740 | Temple   | Entered the Ecumenical Temple
  3810 | Temple   | Became a worshipper of Dithmenos the Shadowed
  4192 | D:5      | Reached skill level 10 in Stealth
  4356 | D:5      | Identified the +4 quarterstaff of Juurr {venom, rC- Dex+3}
  5234 | D:6      | Noticed Grinder
  5241 | D:6      | Killed Grinder
  5242 | D:6      | Reached skill level 1 in Fighting
  5242 | D:6      | Reached XP level 8. HP: 37/37 MP: 15/15
  5312 | D:6      | Reached skill level 11 in Stealth
  5419 | D:6      | Noticed Pikel
  5570 | D:6      | Killed Pikel
  5571 | D:6      | Reached skill level 12 in Stealth
  5571 | D:6      | Reached skill level 5 in Spellcasting
  5827 | D:6      | Learned a level 3 spell: Tukima's Dance
  5831 | D:6      | Learned a level 3 spell: Dazzling Flash
  6071 | D:7      | Noticed Maggie
  6089 | D:6      | Killed Maggie
  6089 | D:6      | Reached * piety under Dithmenos
  6090 | D:6      | Reached XP level 9. HP: 21/41 MP: 15/18
  6427 | D:7      | Reached skill level 13 in Stealth
  6848 | D:7      | Noticed a two-headed ogre
  6869 | D:7      | Killed a two-headed ogre
  7261 | D:8      | Noticed a troll
  7278 | D:8      | Killed a troll
  7426 | D:8      | Reached skill level 1 in Armour
  7525 | D:8      | Noticed a two-headed ogre
  7530 | D:8      | Killed a two-headed ogre
  7531 | D:8      | Reached skill level 14 in Stealth
  7531 | D:8      | Reached XP level 10. HP: 45/45 MP: 21/21
  7789 | D:8      | Found a large runed translucent door.
  7790 | D:8      | Found a large runed translucent door.
  7804 | D:8      | Found an opulent altar of Gozag.
  7817 | D:8      | Found a hazy altar of Hepliaklqana.
  7865 | D:8      | Found a blossoming altar of Fedhas.
  7884 | D:8      | Found a stormy altar of Qazlal.
  8424 | D:9      | Found a flagged portal.
  8445 | D:9      | Reached ** piety under Dithmenos
  8541 | D:9      | Noticed a two-headed ogre
  8692 | Bailey   | Entered a bailey
  8884 | Bailey   | Reached skill level 15 in Stealth
  9227 | Bailey   | Reached skill level 10 in Hexes
  9557 | Bailey   | Reached *** piety under Dithmenos
 10226 | D:9      | Found a snail-covered altar of Cheibriados.
 10577 | D:9      | Found Yrotuf's Firing Range.
 10637 | D:9      | Found Jethuib's Fire Supplies.
 10710 | D:10     | Entered Level 10 of the Dungeon
 10738 | D:10     | Noticed a two-headed ogre
 10762 | D:10     | Killed a two-headed ogre
 10763 | D:10     | Reached XP level 11. HP: 50/50 MP: 14/24
 10822 | D:10     | Found Ythrojist's General Store.
 10865 | D:10     | Noticed dunno567's ghost (journeyman AtBr)
 10879 | D:10     | Found a transporter.
 10897 | D:10     | Found a transporter.
 10944 | D:10     | Found a staircase to the Lair.
 11263 | D:10     | Reached skill level 16 in Stealth
 11674 | D:10     | Identified the +0 falchion of Okihuor {heavy, Int+5 Dex+3}
 12227 | D:11     | Noticed a two-headed ogre
 12238 | D:11     | Noticed a red ugly thing
 12248 | D:11     | Killed a red ugly thing
 12249 | D:11     | Reached skill level 5 in Short Blades
 12281 | D:11     | Killed a two-headed ogre
 12281 | D:11     | Reached **** piety under Dithmenos
 12386 | D:11     | Noticed a tengu warrior
 12390 | D:11     | Killed from afar by a gargoyle

Illustrated notes

Levels and vault maps discovered:
D:1:      dpeg_arrival_houses_and_road, layout_basic
D:2:      layout_basic
D:3:      layout_rooms, hellmonk_okawaru_the_only_friend_you_need,
          nzn_wu_jian_council_hall, gammafunk_ghost_mausoleum, uniq_sigmund
D:4:      layout_cave_pools, serial_shops, shop
D:5:      layout_layer_cave, temple_pool_b
D:6:      layout_loops_ring, uniq_pikel, uniq_grinder
D:7:      layout_cave_pools, uniq_maggie
D:8:      layout_loops_corners, grunt_temple_overflow_forces_of_nature,
          jmf_multi_god_temple2, kennysheep_generic_room_12
D:9:      layout_loops_ring, cheibriados_altar_1, enter_bailey_5,
          nicolae_shop_fire_sale [nicolae_sub_dead_trees],
          nicolae_shop_firing_range
D:10:     layout_irregular_city, minmay_lair_entry_grove,
          gammafunk_ghost_stat_death, serial_shops, kennysheep_little_box
D:11:     layout_gridville, dreamdust_princess_bridge, minmay_pinched_square
Temple:   nicolae_temple_bog_church

Skill      XL: |  1  2  3  4  5  6  7  8  9 10 11 |
---------------+----------------------------------+-----
Hexes          | 4 5 6 7 9 11 12 | 12.2
Stealth        | 5 6 8 9 10 12 14 15 16 | 16.8
Spellcasting   | 3 4 5 7 8 9 |  9.2
Ice Magic      | 1 2 3 4 |  4.2
Short Blades   | 2 3 4 5 |  5.2
Dodging        | 3 4 |  4.8
Fighting       | 1 2 |  2.0
Armour         | 1 2 |  2.5

Action                     |  1- 3 |  4- 6 |  7- 9 | 10-12 || total
---------------------------+-------+-------+-------+-------++-------
  Melee: Dagger            |    65 |    84 |   120 |   238 ||   507
         Short sword       |       |     2 |       |       ||     2
         Punch             |       |     1 |     2 |     2 ||     5
   Cast: Ensorcelled Hiber |     4 |    28 |    76 |    97 ||   205
         Confusing Touch   |       |       |     6 |     4 ||    10
         Tukima's Dance    |       |       |     1 |    50 ||    51
    Use: Scroll            |       |       |       |    11 ||    11
   Stab: Sleeping          |    11 |    21 |    40 |    57 ||   129
         Distracted        |     2 |       |     1 |     1 ||     4
         Confused          |       |       |     6 |     2 ||     8
 Armour: Robe              |     1 |     5 |     2 |       ||     8
         Swamp dragon scal |       |       |     9 |    47 ||    56
  Dodge: Dodged            |    41 |    61 |    74 |   229 ||   405

Table legend: (Time is in decaauts)
 A = Elapsed time spent in this place.
 B = Non-inter-level travel time spent in this place.
 C = Inter-level travel time spent in this place.
 D = Time resting spent in this place.
 E = Time spent auto-exploring this place.
 F = Levels seen in this place.
 G = Mean time per level.
                   A        B        C        D        E       F      G
               +--------+--------+--------+--------+--------+-----+--------+
         Total |   9166 |   8947 |    219 |    359 |   6471 |  13 |  705.1 |
       Dungeon |   8027 |   7826 |    201 |    351 |   5688 |  11 |  729.7 |
        Temple |    121 |    103 |     18 |      0 |     94 |   1 |  121.0 |
        Bailey |   1018 |   1018 |      0 |      8 |    689 |   1 | 1018.0 |
               +--------+--------+--------+--------+--------+-----+--------+

Top non-repeatable levels by time:
     D:5: 1260 daAuts
    D:10: 1163 daAuts
  Bailey: 1018 daAuts
     D:9: 861 daAuts
     D:8: 807 daAuts
     D:6: 775 daAuts
     D:2: 749 daAuts
     D:7: 729 daAuts
     D:3: 653 daAuts
     D:4: 598 daAuts
     D:1: 364 daAuts
  Temple: 121 daAuts
    D:11: 63 daAuts
